Map: Cyber Forest LE

Players

Neeb - Winner!

  • Race: Protoss Protoss
  • Spawn Location: 11:00

Lambo

  • Race: Zerg Zerg
  • Spawn Location: 5:00

Event: IEM Season 13: Katowice (2019)

VOD

Have the link to the VOD?

Description

Time

  • Played on: Feb. 28, 2019, 10:29 a.m.
  • Length: 7:55

All games in this series

Show
View Real Time Build Order
Export as new Build Order

Neeb Protoss - Winner!

Build Orders: 1 Gate Expand, Oracle Opening, Phoenix Opening 

Get SALT Encoding   

  12  0:00  Probe  
  13  0:12  Probe  
  14  0:17  Pylon  
  14  0:24  Probe  
  15  0:29  Assimilator  
  15  0:34  Probe  
  15  0:42  Probe  
  16  0:43  Gateway  
  17  0:51  Probe  
  18  1:03  Probe  
  19  1:15  Probe  
  20  1:23  Nexus  
  20  1:33  Cybernetics Core  
  20  1:35  Probe  
  21  1:41  Assimilator  
  21  1:47  Probe  
  21  1:51  Pylon  
  22  1:56  Probe  
  22  1:59  Adept  
  23  2:05  Probe  
  23  2:14  Probe, Stargate  
  27  2:25  Warp Gate  
  27  2:26  Probe  
  27  2:29  Adept  
  30  2:32  Probe  
  31  2:38  Probe  
  31  2:40  Probe  
  32  2:50  Probe  
  32  2:51  Probe  
  34  2:54  Oracle  
  34  2:57  Gateway  
  38  3:06  Gateway  
  38  3:09  Probe  
  38  3:10  Probe  
  40  3:16  Adept  
  42  3:20  Oracle  
  42  3:21  Probe, Pylon  
  43  3:29  Pylon  
  46  3:39  Probe x2  
  48  3:46  Pylon  
  48  3:51  Probe x2  
  48  3:55  Phoenix  
  50  4:01  Assimilator  
  52  4:03  Probe x2, Assimilator  
  54  4:10  Pylon  
  54  4:12  Adept x2  
  54  4:14  Adept  
  54  4:15  Probe  
  61  4:22  Probe  
  62  4:28  Pylon  
  62  4:30  Probe  
  63  4:34  Adept x2  
  63  4:35  Adept  
  63  4:37  Probe  
  70  4:46  Robotics Facility  
  70  4:47  Twilight Council  
  70  4:49  Probe  
  70  4:50  Pylon  
  71  4:54  Probe  
  72  5:01  Probe  
  73  5:08  Probe  
  74  5:18  Probe  
  75  5:22  Immortal  
  75  5:23  Probe  
  76  5:29  Sentry x3  
  76  5:32  Nexus  
  76  5:33  Forge  
  84  5:42  Pylon  
  84  5:46  Pylon  
  84  5:48  Gateway x2, Charge  
  84  5:52  Templar Archives  
  84  6:00  Sentry, Zealot x2  
  90  6:04  Immortal  
  90  6:05  Shield Battery  
  90  6:06  Shield Battery  
  90  6:30  Stalker x3  
  92  6:33  Immortal  
  80  6:46  Sentry, Stalker  
  77  6:55  Stalker  
  77  6:56  Zealot, Stalker  
  79  7:05  Shield Battery  
  79  7:06  Shield Battery x2  
  79  7:07  Pylon  
  79  7:12  Immortal  
  83  7:28  Stalker x2  
  81  7:33  Zealot x3  
Show
View Real Time Build Order
Export as new Build Order

Lambo Zerg 

Build Orders: Hatch First 

Get SALT Encoding   

  12  0:00  Drone  
  13  0:12  Overlord  
  13  0:17  Drone  
  14  0:31  Drone  
  15  0:43  Drone  
  15  0:47  Hatchery  
  15  0:51  Drone  
  15  0:55  Drone  
  17  0:59  Drone  
  18  1:08  Extractor  
  17  1:14  Spawning Pool  
  17  1:18  Drone  
  17  1:20  Drone  
  18  1:28  Drone  
  19  1:38  Drone  
  20  1:49  Overlord  
  20  2:00  Queen x2  
  25  2:01  Zergling x4  
  26  2:08  Metabolic Boost  
  26  2:10  Drone  
  26  2:12  Drone  
  28  2:21  Drone x2  
  30  2:35  Hatchery  
  30  2:37  Drone  
  30  2:41  Drone  
  30  2:44  Drone  
  30  2:50  Overlord  
  31  2:53  Queen  
  31  2:57  Drone  
  34  2:59  Drone  
  35  3:09  Drone x3  
  35  3:10  Drone x2  
  40  3:14  Overlord, Drone  
  40  3:19  Drone  
  42  3:20  Drone  
  43  3:31  Queen, Spore Crawler x2  
  43  3:34  Drone  
  44  3:38  Zergling x2  
  44  3:41  Zergling x2, Spore Crawler  
  46  3:42  Drone  
  46  3:48  Roach Warren  
  46  3:49  Drone  
  46  3:51  Extractor  
  46  3:52  Extractor, Drone  
  46  3:54  Drone  
  46  3:56  Drone  
  46  3:59  Drone  
  46  4:02  Drone  
  49  4:05  Drone  
  49  4:06  Drone  
  49  4:08  Queen  
  53  4:12  Drone  
  54  4:20  Overlord  
  54  4:29  Overlord x2  
  54  4:32  Roach x2  
  58  4:49  Roach x8  
  72  4:54  Overlord  
  72  4:58  Overlord  
  72  5:00  Overlord  
  72  5:04  Roach x2  
  72  5:06  Queen  
  73  5:10  Overlord  
  71  5:16  Roach x2  
  64  5:22  Roach  
  64  5:26  Roach  
  66  5:32  Zergling x6  
  66  5:35  Zergling x4  
  71  5:39  Zergling x4  
  73  5:44  Zergling x4  
  73  5:48  Ravager x4  
  79  5:52  Zergling x4  
  81  5:58  Zergling x4  
  81  5:59  Ravager  
  81  6:00  Zergling x2  
  81  6:03  Zergling x2  
  86  6:06  Zergling x2  
  86  6:09  Ravager  
  87  6:12  Zergling x4  
  89  6:19  Zergling x6  
  89  6:23  Zergling x4  
  86  6:28  Zergling x4  
  86  6:31  Zergling x2  
  82  6:33  Zergling x2  
  82  6:37  Zergling x4  
  81  6:43  Zergling x4  
  77  6:47  Zergling x2  
  77  6:50  Ravager  
  77  6:51  Zergling x2  
  77  6:53  Ravager x3  
  79  6:56  Zergling x2  
  79  6:57  Zergling x2  
  79  7:01  Ravager  
  80  7:02  Zergling x2  
  80  7:04  Zergling x2  
  80  7:06  Zergling x2  
  83  7:11  Zergling x2  
  83  7:14  Zergling x4  
  83  7:24  Zergling x4  
  83  7:28  Zergling x8  
  80  7:35  Zergling x2  
  80  7:36  Zergling x2  

Tags
 
Add a new tag
Caveats
  • Supply blocks, unpowered buildings, or Contaminate may cause inaccurate times.
  • Supply counts are checked every 10 seconds.